 Dungeon Crawl Stone Soup version 0.24-a0-284-g9fb9971 (webtiles) character file.

Game seed: 12904049165218773121

55 frenix the Skirmisher (level 3, 0/30 HPs)
             Began as a Demonspawn Abyssal Knight on May 6, 2019.
             Was a Follower of Lugonu.
             Slain by an orc
             ... wielding a +0 whip
              (1 damage)
             ... on level 2 of the Dungeon.
             The game lasted 00:04:04 (2849 turns).

frenix the Skirmisher (Demonspawn Abyssal Knight)   Turns: 2849, Time: 00:04:05

Health: 0/30       AC:  3    Str: 13    XL:     3   Next: 67%
Magic:  4/4        EV: 11    Int: 13    God:    Lugonu [*.....]
Gold:   149        SH:  0    Dex: 12    Spells: 2/2 levels left

rFire    . . .     SeeInvis .   a - +1 hand axe
rCold    . . .     Gourm    .   (no shield)
rNeg     . . .     Faith    .   b - +0 leather armour
rPois    .         Spirit   .   (no helmet)
rElec    .         Reflect  .   (no cloak)
rCorr    .         Harm     .   (no gloves)
MR       .....                  (no boots)
Stlth    +.........             (no amulet)
HPRegen  0.10/turn              (no ring)
MPRegen  0.09/turn              (no ring)

@: no status effects
A: hooves 1
a: Depart the Abyss, Renounce Religion


You were on level 2 of the Dungeon.
You worshipped Lugonu.
Lugonu was aware of your devotion.
You were near starving.

You visited 1 branch of the dungeon, and saw 3 of its levels.
You visited the Abyss 1 time.

You collected 149 gold pieces.

Inventory:

Hand Weapons
 a - a +1 hand axe (weapon)
Armour
 b - a +0 leather armour (worn)
 h - a +0 pair of gloves
Scrolls
 d - a scroll of remove curse {unknown}
 e - 2 scrolls of blinking {unknown}
 g - a scroll of random uselessness {unknown}
 i - a scroll of enchant weapon {unknown}
 j - a scroll of identify {unknown}
 l - a scroll of amnesia {unknown}
Potions
 f - 2 potions of curing {unknown}
 k - 2 potions of magic {unknown}
 m - a potion of haste {unknown}
Comestibles
 c - 3 rations


   Skills:
 + Level 3.6 Fighting
 + Level 2.5 Axes
 + Level 2.3 Armour
 + Level 1.1 Dodging
 + Level 0.1 Stealth
 + Level 2.4 Invocations


You had 2 spell levels left.
You didn't know any spells.
Your spell library was empty.

Dungeon Overview and Level Annotations

Branches:
Dungeon (3/15)

Altars:
Yredelemnul


Innate Abilities, Weirdness & Mutations

You have large cloven feet.


Message History

You hit the orc but do no damage. You hit the orc.
The orc hits you with a +0 whip. x2; The orc hits you with a +0 dagger.
The orc hits you with a cursed -1 club.
You closely miss the orc. You hit the orc.
You kill the orc!
Lugonu accepts your kill.
You hit the orc but do no damage. x2; The orc hits you with a +0 whip.
* * * LOW HITPOINT WARNING * * *
The orc barely misses you. The orc hits you but does no damage.
The orc hits you with a +0 whip.
* * * LOW HITPOINT WARNING * * *
The orc barely misses you. The orc hits you with a +0 whip.
* * * LOW HITPOINT WARNING * * *
There is a stone staircase leading up here.
The orc barely misses you. The orc hits you with a +0 whip.
* * * LOW HITPOINT WARNING * * *
You climb upwards.
There is a stone staircase leading down here.
You hit the orc but do no damage. The orc hits you with a +0 whip.
You die...

.............#.#..#.#.######.#.##
###########..#.#..#.#.# ####.....
##.#.#..#.#.# #....#.##
#.#.####.#.###....#.#
############...# #.#..........#
...............# #.#####....####
############...# #..............
#############.>##################
..............oo@...............#
##################..).#########.#
#....# #.# ##### #....# #.. ....#
#....# ### ....# #....#
....######### #....#
....#.......###################
....#.........................#


You could see 2 orcs.

Vanquished Creatures
  2 adders (D:2)
  An ooze (D:1)
  A leopard gecko (D:1)
  An orc (D:3)
  2 giant cockroaches (D:1)
  3 goblins
  5 hobgoblins
  4 jackals (D:2)
  3 bats
  2 frilled lizards
  2 kobolds (D:2)
  4 rats
30 creatures vanquished.

Notes
Turn   | Place    | Note
-------+----------+-------------------------------------------
     0 | Abyss:1  | frenix the Demonspawn Abyssal Knight began the quest for
                  | the Orb.
     0 | Abyss:1  | Reached XP level 1. HP: 18/18 MP: 2/2
     0 | D:1      | Escaped the Abyss
    62 | D:1      | Reached * piety under Lugonu
   427 | D:1      | Gained mutation: You have large cloven feet. [demonic
                  | ancestry]
   427 | D:1      | Reached XP level 2. HP: 11/24 MP: 3/3
   532 | D:1      | HP: 1/24 [rat (1)]
  1386 | D:2      | Found a faded altar of an unknown god.
  1397 | D:2      | Reached XP level 3. HP: 26/29 MP: 4/4
  1415 | D:2      | Reached skill level 1 in Dodging
  1471 | D:2      | Found a basalt altar of Yredelemnul.
  2845 | D:3      | HP: 1/30 [orc/+0 whip (3)]
  2849 | D:2      | Slain by an orc

Levels and vault maps discovered:
D:1:      lemuel_arrival_room, layout_rooms
D:2:      layout_basic, nicolae_overflow_crystal_walls,
          chequers_ecumenical_altar_simple_redux
D:3:      cheibrodos_old_hovel, layout_loops_ring, kiku_gazebo_pond_becter,
          first_ration, ebering_ghost_sewer_f

Skill      XL: |  1  2  3 |
---------------+----------+-----
Axes           | 2 |  2.5
Armour         | 2 |  2.3
Dodging        | 1 |  1.1
Fighting       | |  3.6
Stealth        | |  0.1
Invocations    | |  2.4

Action                   || total
-------------------------++-------
Melee: Hand axe          ||   105
       Kick              ||    11
Invok: Depart the Abyss  ||     1
  Eat: Chunk             ||     1
       Ration            ||     1
Armor: Leather armour    ||    47
Dodge: Dodged            ||    95

Table legend:
 A = Non-vault XP
 B = Vault XP
 C = Vault XP percentage of total XP
 D = Non-vault monster count
 E = Vault monster count
 F = Vault count percentage of total count
                 A         B        C        D         E       F
            +---------+---------+-------+---------+---------+-------
      Total |      79 |       0 |   0.0 |      30 |       0 |   0.0
            +---------+---------+-------+---------+---------+-------
        D:1 |      31 |       0 |   0.0 |      15 |       0 |   0.0
        D:2 |      45 |       0 |   0.0 |      14 |       0 |   0.0
        D:3 |       3 |       0 |   0.0 |       1 |       0 |   0.0
            +---------+---------+-------+---------+---------+-------
